 Dungeon Crawl Stone Soup version 0.24.0-37-gcf1ca852f1 (webtiles) character file.

Game seed: 10274097062454694497, levelgen mode: deterministic

61 iClaudius the Chucker (level 3, 35/35 HPs)
             Began as a Troll Hunter on Dec 5, 2019.
             Quit the game on level 2 of the Dungeon on Dec 6, 2019.
             The game lasted 00:18:14 (1364 turns).

iClaudius the Chucker (Troll Hunter)                Turns: 1364, Time: 00:18:14

Health: 35/35      AC:  6    Str: 21    XL:     3   Next: 83%
Magic:  2/2        EV: 10    Int:  7    God:
Gold:   73         SH:  0    Dex: 14    Spells: 2/2 levels left

rFire    . . .     SeeInvis .   u - +3 whip
rCold    . . .     Gourm    +   (no shield)
rNeg     . . .     Faith    .   b - +0 robe
rPois    .         Spirit   .   (helmet restricted)
rElec    .         Reflect  .   (no cloak)
rCorr    +         Harm     .   (gloves unavailable)
MR       .....                  (boots unavailable)
Stlth    +.........             (no amulet)
HPRegen  0.51/turn              i - ring of resist corrosion
MPRegen  0.08/turn              l - +4 ring of dexterity

@: no status effects
A: large, unfitting armour, claws 3, fast metabolism 3, gourmand, regeneration
1, shaggy fur 1, tough skin 3
a: no special abilities


You were on level 2 of the Dungeon.
You were not hungry.

You visited 1 branch of the dungeon, and saw 2 of its levels.

You collected 73 gold pieces.

Inventory:

Hand Weapons
 a - a +0 short sword
 e - a +0 whip
 u - a +3 whip (weapon)
Missiles
 c - 5 large rocks
 d - a throwing net
 o - 5 javelins (quivered)
 p - 2 stones
Armour
 b - a +0 robe (worn)
 r - a +0 scale mail
 t - a +0 robe
Jewellery
 i - a ring of resist corrosion (left claw)
 l - a +4 ring of dexterity (right claw)
Potions
 g - a potion of brilliance {unknown}
 h - a potion of might {unknown}
 j - a potion of lignification
 k - a potion of flight {unknown}
 m - 2 potions of degeneration {unknown}
 n - 2 potions of mutation {unknown}
 s - a potion of invisibility {unknown}
Comestibles
 f - 2 rations
 q - 3 chunks of flesh


   Skills:
 + Level 2.1 Fighting
 + Level 0.4 Short Blades
 + Level 4.4 Throwing
 + Level 2.0 Dodging
 + Level 0.3 Stealth


You had 2 spell levels left.
You didn't know any spells.
Your spell library was empty.

Dungeon Overview and Level Annotations

Branches:
Dungeon (2/15)

Altars:


Innate Abilities, Weirdness & Mutations

You are too large for most types of armour.
You have claws for hands.
Your metabolism is lightning-fast.
You like to eat raw meat.
Your natural rate of healing is unusually fast.
You are covered in fur. (AC +1)
You have extremely tough skin. (AC +3)


Message History

There is an open door here.
The bat closely misses you. The bat hits you but does no damage.
Throwing (i - inventory. (/) - cycle)
o - 5 javelins (quivered)
Press: ? - help, Shift-Dir - straight line, f - bat
Aim: a bat You throw a javelin.
The javelin pierces through the bat.
You kill the bat!
You see here a spear.
o - 5 javelins (gained 1)
You see here a runed whip.
u - a runed whip
u - a +3 whip (weapon)
You see here a spear.
Found a stone staircase leading down.
Welcome back, iClaudius the Troll Hunter.
Press ? for a list of commands and other information.
Quiver which item? (- for none, * to show all) (? for menu, Esc to quit)
Okay, then.
Are you sure you want to abandon this character and quit the game? (Confirm with "yes".)

....... ..........
.........# ###
.........# # #..
....#.... #. #.######
##....##.
#.###.#<...####..##..##
#>..............##.8..#
#.....@.........#...)8.
####........###...8....
#...........'....#..8.#
#...........####.##..##
#...........####..##...
#...............#......
####+##...).....#######
#.........# #.........#


There were no monsters in sight!

Vanquished Creatures
  2 gnolls
  An ooze (D:1)
  2 dart slugs (D:1)
  8 bats
  4 giant cockroaches
  A goblin (D:1)
  3 hobgoblins
  5 jackals (D:1)
  A frilled lizard (D:1)
  4 kobolds
  3 rats
34 creatures vanquished.

Notes
Turn   | Place    | Note
-------+----------+-------------------------------------------
     0 | D:1      | iClaudius the Troll Hunter began the quest for the Orb.
     0 | D:1      | Reached XP level 1. HP: 19/19 MP: 0/0
   119 | D:1      | Reached skill level 4 in Throwing
   119 | D:1      | Reached XP level 2. HP: 25/27 MP: 1/1
   585 | D:1      | Reached XP level 3. HP: 26/35 MP: 2/2
  1364 | D:2      | Quit the game

Levels and vault maps discovered:
D:1:      sevenhm_arrival_forest_fort_small_5, layout_basic,
          minmay_misc_feat_diagonals
D:2:      layout_basic, st_stairs_13, minmay_pentomino_w4

Skill      XL: |  1  2  3 |
---------------+----------+-----
Throwing       | 4 |  4.4
Fighting       | 2 |  2.1
Dodging        | 2 |  2.0
Short Blades   | |  0.4
Stealth        | |  0.3

Action                   || total
-------------------------++-------
Melee: Short sword       ||    57
Throw: Large rock        ||    23
       Javelin           ||    30
       Throwing net      ||     2
  Use: Potion            ||     2
       Scroll            ||     2
  Eat: Chunk             ||     6
       Ration            ||     1
Armor: Robe              ||    62
Dodge: Dodged            ||    77
